 Dungeon Crawl Stone Soup version 0.32-a0-893-gf85d74f360 (webtiles) character file.

Game seed: 8386333967624014106

211 DEFE the Chopper (level 5, -7/41 HPs)
             Began as a Coglin Fighter on Apr 3, 2024.
             Mangled by a shadow (29 damage)
             ... created by the darkness of Dithmenos
             ... on level 3 of the Dungeon.
             The game lasted 00:02:57 (2975 turns).

DEFE the Chopper (Coglin Fighter)                   Turns: 2975, Time: 00:02:57

Health: -7/41      AC:  6    Str: 18    XL:     5   Next: 88%
Magic:  5/5        EV:  8    Int:  8    God:
Gold:   146        SH:  0    Dex: 13    Spells: 4/4 levels left

rFire   . . .        a - +0 war axe {Prani}
rCold   . . .        k - +0 hand axe {Nakurtum}
rNeg    . . .        b - +0 scale mail
rPois   .            (no helmet)
rElec   .            (no cloak)
rCorr   .            (no gloves)
SInv    .            (no boots)
Will    .....        (amulet unavailable) Stlth
                     (ring unavailable)
HPRegen 0.26/turn    (ring unavailable)
MPRegen 0.09/turn    (no gizmo)

%: no passive effects
@: marked, revved
A: off-hand wielding, slow wielding, warmup strikes, no jewellery
a: Invent Gizmo


You were on level 3 of the Dungeon.
You visited 1 branch of the dungeon, and saw 4 of its levels.

You collected 146 gold pieces.

Inventory:

Hand Weapons
 a - a +0 war axe (weapon) {Prani}
 k - a +0 hand axe (offhand) {Nakurtum}
Armour
 b - a +0 scale mail (worn)
 c - a +0 buckler
Wands
 s - a wand of digging (5)
Scrolls
 f - a scroll of revelation {unknown}
 g - 2 scrolls of teleportation {unknown}
 h - 2 scrolls of enchant weapon {unknown}
 i - 4 scrolls of identify {unknown}
 m - a scroll of noise {unknown}
 n - a scroll of acquirement {unknown}
 p - a scroll of enchant armour {unknown}
 q - a scroll of fog {unknown}
 r - a scroll of amnesia {unknown}
 t - a scroll of brand weapon {unknown}
Potions
 d - a potion of might
 l - a potion of experience {unknown}
 o - a potion of heal wounds {unknown}
 u - a potion of cancellation


   Skills:
 - Level 3.0 Fighting
 + Level 5.9 Axes
 - Level 2.6 Armour
 - Level 2.1 Shields


You had 4 spell levels left.
You didn't know any spells.
Your spell library contained the following spells:

 Spells                   Type           Power      Damage    Failure   Level
 Jinxbite                 Hex            0%         N/A       91%         2
 Yara's Violent Unravell  Hex/Alch       0%         3d3       100%        5
 Enfeeble                 Hex            0%         N/A       100%        7


Dungeon Overview and Level Annotations

Branches:
Dungeon (4/15)
 Temple: D:4-7

Altars:
Dithmenos


Innate Abilities, Weirdness & Mutations

You can wield a second weapon in your off-hand.
It takes a long time for you to wield or remove held weapons.
Your first few attacks do less damage.
You cannot equip rings or amulets.


Message History

The endoplasm quivers.
Found 18 gold pieces.
There is a stone staircase leading up here.
You climb upwards.
There is a stone staircase leading down here.
You start waiting.
Dithmenos calls forth shadows to punish you. 3 shadows come into view.
There are monsters nearby!
There are monsters nearby!
Unknown command.
There are monsters nearby!
You hit the shadow with your +0 war axe.
The shadow is lightly damaged.
You barely miss the shadow with your +0 hand axe.
Unknown command.
You hit the shadow but do no damage.
The shadow is lightly damaged.
You barely miss the shadow with your +0 war axe.
The shadow hits you!
Unknown command.
You closely miss the shadow with your +0 war axe.
The shadow is lightly damaged.
You hit the shadow but do no damage.
You completely miss the shadow with your +0 hand axe.
You hit the shadow but do no damage.
The shadow slips into darkness.
The shadow flickers and vanishes!
Deactivating autopickup; reactivate with Ctrl-A.
The shadow slips into darkness.
The shadow flickers and vanishes!
You slash something with your +0 war axe!
You miss something with your +0 war axe.
You closely miss something with your +0 hand axe.
You barely miss something with your +0 hand axe.
The shadow strikes at you from the darkness!
Reactivating autopickup.
The shadow strikes at you from the darkness!
Ouch! That really hurt!
You die...

..######.....<.......######.#####
..##########.###......()[...#
..#...# #.# ####.#########
....#.### #.# #.# #...#...## #.#
#.# ..#####..# #.#
#.############# #...#....# #.#
####.##........... #.#.#.##.# #.#
#.......#......... #.#...##.#
#.###@##.####.######## #.##.###.#
#...W{W.......# #.##.#
#.###........######
#.##.###.##.###..####
#.##........# #..#
#...........###..#
########.###...### ########.#
##### .........#


You could see 2 shadows.

Vanquished Creatures
  A hound (D:4)
  An iguana (D:4)
  Jessica (D:2)
  3 adders
  2 shadow imps (D:4)
  A white imp (D:4)
  An ufetubus (D:4)
  A dart slug (D:1)
  A ribbon worm (D:2)
  11 orcs (D:3)
  5 bats
  2 endoplasms
  2 giant cockroaches
  7 goblins
  3 hobgoblins
  5 kobolds
  3 quokkas
  6 ball pythons
  2 frilled lizards
  6 rats
64 creatures vanquished.

Notes
Turn   | Place    | Note
-------+----------+-------------------------------------------
     0 | D:1      | DEFE the Coglin Fighter began the quest for the Orb.
     0 | D:1      | Reached XP level 1. HP: 18/18 MP: 1/1
   203 | D:1      | Reached XP level 2. HP: 23/24 MP: 2/2
   230 | D:1      | Reached skill level 3 in Axes
   778 | D:2      | Reached XP level 3. HP: 29/29 MP: 3/3
   828 | D:2      | Found a faded altar of an unknown god.
   834 | D:2      | Prayed at the altar of an unknown god.
   834 | D:2      | Became a worshipper of Dithmenos the Shadowed
   834 | D:2      | Reached * piety under Dithmenos
   870 | D:2      | Fell from the grace of Dithmenos
  1444 | D:2      | Noticed Jessica
  1451 | D:2      | Killed Jessica
  1452 | D:2      | Reached skill level 4 in Axes
  1452 | D:2      | Reached XP level 4. HP: 35/35 MP: 4/4
  1798 | D:3      | Reached skill level 5 in Axes
  1798 | D:3      | Reached XP level 5. HP: 40/41 MP: 5/5
  1831 | D:3      | You fall into a shaft and drop 1 floor!
  2266 | D:3      | Identified the amulet of Nisieg {Fly Regen+ RegenMP+ SInv}
  2853 | D:4      | Noticed an ogre
  2972 | D:3      | Noticed a shadow
  2972 | D:3      | Noticed a shadow
  2972 | D:3      | Noticed a shadow
  2975 | D:3      | Mangled by a shadow

Illustrated notes

Levels and vault maps discovered:
D:1:      nicolae_arrival_washed_ashore, layout_loops_ring
D:2:      layout_basic, basic_ecumenical_altar, dk_noncrumbling_4,
          minmay_cupped, uniq_jessica
D:3:      layout_loops_ring
D:4:      layout_cave_pools, jmf_multi_god_temple2, lemuel_round_altar,
          serial_demonic, serial_demonic_b, serial_demonic_d, serial_demonic_f,
          serial_demonic_c, serial_demonic_a, serial_demonic_c, serial_demonic_d

Skill      XL: |  1  2  3  4 |
---------------+-------------+-----
Axes           | 3 4 5 |  5.9
Fighting       | |  3.0
Armour         | |  2.6
Shields        | |  2.1

Action                     |  1- 3 |  4- 6 || total
---------------------------+-------+-------++-------
  Melee: War axe           |    68 |    62 ||   130
         Hand axe          |    25 |    54 ||    79
 Invoke: Renounce Religion |     1 |       ||     1
    Use: Potion            |       |     3 ||     3
 Armour: Scale mail        |    54 |    62 ||   116
  Dodge: Dodged            |    23 |    26 ||    49
  Block: Buckler           |     9 |       ||     9

Table legend: (Time is in decaauts)
 A = Elapsed time spent in this place.
 B = Non-inter-level travel time spent in this place.
 C = Inter-level travel time spent in this place.
 D = Time resting spent in this place.
 E = Time spent auto-exploring this place.
 F = Levels seen in this place.
 G = Mean time per level.
                   A        B        C        D        E       F      G
               +--------+--------+--------+--------+--------+-----+--------+
         Total |   3006 |   2924 |     82 |    717 |   1780 |   4 |  751.5 |
       Dungeon |   3006 |   2924 |     82 |    717 |   1780 |   4 |  751.5 |
               +--------+--------+--------+--------+--------+-----+--------+

Top non-repeatable levels by time:
     D:3: 1377 daAuts
     D:2: 913 daAuts
     D:1: 662 daAuts
     D:4: 53 daAuts
